 Dungeon Crawl Stone Soup version 0.18.1-6-gd335043 (webtiles) character file.

236 HungrySpirit the Inquisitive (level 6, 0/37 HPs)
             Began as a Halfling Artificer on May 18, 2016.
             Was a Follower of Pakellas.
             Slain by an orc (3 damage)
             ... on level 4 of the Dungeon.
             The game lasted 00:09:10 (3619 turns).

HungrySpirit the Inquisitive (Halfling Artificer)   Turns: 3619, Time: 00:09:10

Health: 0/37       AC: 12    Str: 13    XL:     6   Next: 27%
Magic:  7/9        EV:  8    Int: 11    God:    Pakellas [*.....]
Gold:   165        SH:  0    Dex: 15    Spells: 0 memorised, 5 levels left

rFire  . . .     SeeInvis .     a - +0 short sword
rCold  . . .     Gourm    .     r - +0 chain mail
rNeg   . . .     Faith    .     (shield restricted)
rPois  .         Spirit   .     t - +2 helmet
rElec  .         Dismiss  .     x - +0 cloak
rCorr  .         Reflect  .     (no gloves)
SustAt .         Harm     .     (no boots)
MR     .....                    (no amulet)
Stlth  ..........               (no ring)
                                (no ring)

@: confused, not resistant to hostile enchantments, extremely unstealthy
A: mutation resistance 1
a: Quick Charge, Renounce Religion


You were on level 4 of the Dungeon.
You worshipped Pakellas.
Pakellas was aware of your devotion.
You were not hungry.

You visited 1 branch of the dungeon, and saw 4 of its levels.

You collected 165 gold pieces.

Inventory:

Hand Weapons
 a - a +0 short sword (weapon)
Armour
 r - a +0 chain mail (worn)
 t - a +2 helmet (worn)
 x - a +0 cloak (worn)
Jewellery
 b - an uncursed amulet of harm {unknown}
 j - an uncursed ring of ice
Wands
 c - a wand of flame (6/48)
 d - a wand of enslavement (8/24)
 e - a wand of random effects (13/48)
 y - a wand of confusion (27/48)
Scrolls
 h - 8 scrolls of identify {unknown}
 i - 3 scrolls of remove curse {unknown}
 n - 3 scrolls of magic mapping {unknown}
 v - 2 scrolls of random uselessness {unknown}
 w - 3 scrolls of recharging {unknown}
 z - a scroll of fear {unknown}
 D - a scroll of immolation {unknown}
Potions
 l - a potion of resistance {unknown}
 m - 2 potions of degeneration {unknown}
 o - a potion of haste {unknown}
 p - a potion of berserk rage {unknown}
 s - 3 potions of curing {unknown}
 u - 3 potions of invisibility {unknown}
 A - a potion of heal wounds {unknown}
 C - a potion of cure mutation {unknown}
Comestibles
 f - 3 bread rations
 g - 6 meat rations
 k - 2 beef jerkies
 q - a fruit
 B - 3 chunks of flesh


   Skills:
 - Level 0.8 Fighting
 * Level 4.5 Short Blades
 - Level 0.9 Armour
 - Level 2.1 Dodging
 + Level 2.0 Stealth
 + Level 5.2 Evocations


You had 5 spell levels left.
You didn't know any spells.

Dungeon Overview and Level Annotations

Branches:
Dungeon (4/15)
 Temple: D:4-7

Altars:
Pakellas
Qazlal
Xom
Zin


Innate Abilities, Weirdness & Mutations

You are small and have problems with some larger weapons.
You are somewhat resistant to further mutation.


Message History

You feel your power returning.
This wand has 6 charges left.
An orc comes into view. It is wielding a club.
The orc shouts!
The orc hits you with a club.
* * * LOW HITPOINT WARNING * * *
You hit the orc but do no damage. The orc hits you but does no damage.
You closely miss the orc. The orc hits you but does no damage.
The gnoll closely misses you. The orc hits you but does no damage.
You hit the orc but do no damage. The orc hits you.
* * * LOW HITPOINT WARNING * * *
The gnoll barely misses you. The orc barely misses you.
Unknown command.
Evoke which item? (* to show all) (? for menu, Esc to quit)
Zapping:
e - a wand of random effects (14/48)
Press: ? - help, Shift-Dir - straight line, f - you Really target yourself?
Your will is overpowered!
You are confused.
This wand has 13 charges left.
The orc hits you.
You die...
Pakellas says: That's one more possible approach eliminated.

#.##.# ####.##.#
#.......# ###
#(##.#### .. #.##)#
###### #.##.# #.....
#)##.# #.#### #.##o#
#.# # #.##@# #.# #
#.##o# #.# #
#.##g###########.####
#...go.gg.o..........
############.###..)..
#.# #..... #.# #..#..
#.# #..... #.###..#..


You could see 2 gnolls and 3 orcs.

Vanquished Creatures
  An orc priest (D:4)
  An orc wizard (D:4)
  A centaur skeleton (D:4)
  Jessica (D:2)
  3 adders
  3 oozes
  An adder skeleton (D:4)
  A worm (D:2)
  2 dart slugs
  4 giant geckos
  11 orcs
  6 bats
  3 goblins
  5 hobgoblins
  5 kobolds
  2 quokkas
  2 giant newts
  8 rats
60 creatures vanquished.

Vanquished Creatures (others)
  A gnoll shaman (D:4)
  A gnoll (D:4)
2 creatures vanquished.

Grand Total: 62 creatures vanquished

Notes
Turn   | Place    | Note
--------------------------------------------------------------
     0 | D:1      | HungrySpirit the Halfling Artificer began the quest for the Orb.
     0 | D:1      | Reached XP level 1. HP: 12/12 MP: 3/3
   339 | D:1      | Reached XP level 2. HP: 12/18 MP: 4/4
   909 | D:2      | Reached XP level 3. HP: 22/22 MP: 5/5
   936 | D:2      | Noticed an angel
   937 | D:2      | Found a glowing silver altar of Zin.
   939 | D:2      | Found a shimmering altar of Xom.
  1380 | D:2      | Reached skill level 4 in Evocations
  1411 | D:2      | Noticed Jessica
  1424 | D:2      | Killed Jessica
  1424 | D:2      | Reached XP level 4. HP: 9/27 MP: 7/7
  1918 | D:2      | Found a stormy altar of Qazlal.
  2368 | D:3      | Found an oddly glowing altar of Pakellas.
  2379 | D:3      | Became a worshipper of Pakellas the Inventive
  2425 | D:3      | Reached XP level 5. HP: 30/32 MP: 8/8
  3067 | D:4      | Reached * piety under Pakellas
  3067 | D:4      | Received a gift from Pakellas
  3067 | D:4      | Reached skill level 5 in Evocations
  3475 | D:4      | Reached XP level 6. HP: 37/37 MP: 4/9
  3619 | D:4      | Slain by an orc

Skill      XL: |  1  2  3  4  5  6 |
---------------+-------------------+-----
Short Blades   | 2 3 4 |  4.5
Evocations     | 4 5 |  5.2
Stealth        | 2 |  2.0
Fighting       | |  0.8
Armour         | |  0.9
Dodging        | |  2.1

Action                   |  1- 3 |  4- 6 || total
-------------------------+-------+-------++-------
Melee: Short sword       |    95 |   198 ||   293
Invok: Quick Charge      |       |     1 ||     1
Evoke: Wand              |     6 |    27 ||    33
 Stab: Confused          |       |     1 ||     1
  Eat: Chunk             |     1 |     8 ||     9
Armor: Leather armour    |     8 |       ||     8
       Scale mail        |     7 |       ||     7
       Chain mail        |    21 |    97 ||   118
Dodge: Dodged            |    59 |    69 ||   128
